 Dungeon Crawl Stone Soup version 0.30.1-9-gdf580d7c3d (webtiles) character file.

Game seed: 9337806838036395645

340 jagang the Slasher (level 6, -3/47 HPs)
             Began as a Human Gladiator on Sept 29, 2023.
             Slain by a phantom (4 damage)
             ... on level 3 of the Dungeon.
             The game lasted 00:05:52 (2392 turns).

jagang the Slasher (Human Gladiator)                Turns: 2392, Time: 00:05:53

Health: -3/47      AC:  5    Str: 14    XL:     6   Next: 87%
Magic:  6/6        EV: 14    Int:  8    God:
Gold:   116        SH:  0    Dex: 17    Spells: 5/5 levels left

rFire   . . .        n - +8 short sword of Agab {distort, rN+ rCorr}
rCold   . . .        (no shield)
rNeg    + . .        b - +0 leather armour
rPois   .            c - +0 helmet
rElec   .            t - +0 cloak
rCorr   +            (no gloves)
SInv    .            (no boots)
Will    .....        (no amulet)
Stlth   +            (no ring)
HPRegen 0.27/turn    (no ring)
MPRegen 0.10/turn

%: no passive effects
@: no status effects
A: no striking features
a: no special abilities


You were on level 3 of the Dungeon.
You visited 1 branch of the dungeon, and saw 4 of its levels.

You collected 116 gold pieces.

Inventory:

Hand Weapons
 a - a +0 long sword
 n - the +8 short sword of Agab (weapon) {distort, rN+ rCorr}
   (You found it on level 2 of the Dungeon)

   rN:        It protects you from negative energy.
   rCorr:     It protects you from acid and corrosion.
Missiles
 d - 2 throwing nets
 e - a javelin
 g - 4 boomerangs (quivered)
Armour
 b - a +0 leather armour (worn)
 c - a +0 helmet (worn)
 t - a +0 cloak (worn)
Jewellery
 s - a +5 ring of evasion
Scrolls
 f - 2 scrolls of fog {unknown}
 h - 2 scrolls of silence {unknown}
 k - 2 scrolls of acquirement {unknown}
 m - a scroll of fear {unknown}
 p - 2 scrolls of identify {unknown}
 q - a scroll of noise {unknown}
Potions
 i - 2 potions of heal wounds {unknown}
 j - a potion of mutation {unknown}
 l - a potion of haste {unknown}
 o - 2 potions of attraction {unknown}
 r - 2 potions of curing {unknown}
 u - a potion of degeneration {unknown}


   Skills:
 + Level 3.2 Fighting
 * Level 4.8 Long Blades
 - Level 2.0 Throwing
 + Level 2.2 Armour
 * Level 4.7 Dodging


You had 5 spell levels left.
You didn't know any spells.
Your spell library contained the following spells:

 Spells                   Type           Power      Damage    Failure   Level
 Simulacrum               Ice/Necr       0%         N/A       100%        6
 Ozocubu's Refrigeration  Ice            0%         4d7       100%        7
 Polar Vortex             Ice            0%         N/A       100%        9


Dungeon Overview and Level Annotations

Branches:
Dungeon (4/15)
 Temple: D:4-7

Altars:


Message History

Throw: 3 throwing nets
Press: ? - help, Shift-Dir - straight line, f - centaur
Aim: a centaur, wielding a +0 shortbow (72% to hit)
You throw a throwing net.
The throwing net barely misses the centaur.
An orc comes into view. It is wielding a +0 whip.
The centaur shoots an arrow.
The arrow hits you.
You hit the phantom.
The phantom is lightly damaged.
The phantom blinks!
Throw: 4 boomerangs
Press: ? - help, Q - select action, (/) - cycle Shift-Dir - straight line, f/p - centaur
Aim: a centaur, wielding a +0 shortbow (72% to hit)
You throw a boomerang. The boomerang hits the centaur.
The centaur is lightly wounded.
The centaur shoots an arrow.
The arrow hits you!
The centaur shoots an arrow.
The arrow misses you.
A giant cockroach comes into view.
The centaur shoots an arrow.
The arrow hits you! The gnoll hits you with a +0 whip.
* * * LOW HITPOINT WARNING * * *
The phantom hits you but does no damage.
The adder hisses angrily.
You hear a shout!
You climb upwards.
There is a stone staircase leading down here.
The gnoll barely misses you. The gnoll hits you with a +0 whip.
* * * LOW HITPOINT WARNING * * *
The gnoll hits you with a +0 whip.
* * * LOW HITPOINT WARNING * * *
The gnoll attacks as you move away! The gnoll closely misses you.
You puncture the phantom!
Space warps horribly around the phantom!
The phantom is almost destroyed.
The phantom hits you.
* * * LOW HITPOINT WARNING * * *
The phantom blinks!
You blink.
You barely miss the phantom.
The phantom is almost destroyed.
The phantom hits you.
You die...

#.######.####. #.# #.#.... #.#
#.#.##. #####.######.#.##.
#.ยง............##.
########.###.######...##.
#......#.g...............
#......#g>...............
######......#@##...........###
#<...'......'W..............#.
######......#.#...#.#.......#.
#......#.#...#.#.....###.
#......#.#.#.#...........
#......#.#.#.#.#.<.......
########.#.#.#.#.##.#...#
#.#............#..
#####+###.######)#####


You could see a phantom and 2 gnolls.

Vanquished Creatures
  Sigmund (D:2)
  A howler monkey (D:3)
  Crazy Yiuf (D:2)
  An adder (D:3)
  3 gnolls (D:3)
  3 worms (D:2)
  2 dart slugs
  5 endoplasms
  4 giant cockroaches
  3 hobgoblins
  5 kobolds
  A quokka (D:2)
  3 ball pythons
  5 bats
  5 frilled lizards
  5 goblins
  3 rats
51 creatures vanquished.

Notes
Turn   | Place    | Note
-------+----------+-------------------------------------------
     0 | D:1      | jagang the Human Gladiator began the quest for the Orb.
     0 | D:1      | Reached XP level 1. HP: 16/16 MP: 1/1
   296 | D:1      | Reached XP level 2. HP: 22/22 MP: 2/2
   772 | D:2      | Reached XP level 3. HP: 27/27 MP: 3/3
   773 | D:2      | Identified the +8 short sword of Agab {distort, rN+ rCorr}
   856 | D:2      | Found a faded altar of an unknown god.
   941 | D:2      | Noticed Sigmund
   962 | D:2      | Killed Sigmund
   963 | D:2      | Reached skill level 1 in Armour
   963 | D:2      | Reached XP level 4. HP: 12/34 MP: 4/4
   963 | D:2      | Reached XP level 5. HP: 14/40 MP: 5/5
   963 | D:2      | Reached XP level 6. HP: 16/46 MP: 6/6
  1254 | D:2      | Found a runed translucent door.
  1255 | D:2      | Noticed Crazy Yiuf
  1263 | D:2      | Killed Crazy Yiuf
  2391 | D:3      | HP: 1/47 [phantom (5)]
  2392 | D:3      | Slain by a phantom

Illustrated notes

Levels and vault maps discovered:
D:1:      nzn_arrival_settlement, layout_loops_ring, minivault_26
D:2:      layout_basic, hellmonk_ecumenical_altar_blasted,
          uniq_crazy_yiuf_cottage, uniq_sigmund
D:3:      layout_basic
D:4:      layout_rooms, nicolae_overflow_squiral, cheibrodos_sewer_entry_sluice,
          minmay_fractal_squares_5

Skill      XL: |  1  2  3  4  5  6 |
---------------+-------------------+-----
Long Blades    | 4 |  4.8
Armour         | 1 2 |  2.2
Dodging        | 4 |  4.7
Fighting       | 3 |  3.2
Throwing       | |  2.0

Action                     |  1- 3 |  4- 6 || total
---------------------------+-------+-------++-------
  Melee: Long sword        |    47 |       ||    47
         Short sword       |    24 |    49 ||    73
         Punch             |     1 |       ||     1
  Throw: Boomerang         |    17 |     7 ||    24
         Throwing net      |       |     1 ||     1
 Armour: Leather armour    |    23 |     4 ||    27
  Dodge: Dodged            |    33 |    35 ||    68
